 Dungeon Crawl Stone Soup version 0.20-a0-9-g62d82d9 (console) character file.

59 brucemayne the Chopper (level 4, 0/39 HPs)
             Began as a Hill Orc Monk on Nov 1, 2016.
             Slain by an adder (3 damage)
             ... on level 4 of the Dungeon.
             The game lasted 00:02:39 (611 turns).

brucemayne the Chopper (Hill Orc Monk)               Turns: 611, Time: 00:02:40

Health: 0/39       AC:  6    Str: 14    XL:     4   Next: 3%
Magic:  4/4        EV: 11    Int: 12    God:
Gold:   37         SH:  0    Dex: 10    Spells: 0 memorised, 3 levels left

rFire  + . .     SeeInvis .     i - +2 dagger (venom)
rCold  + . .     Gourm    .     g - +1 ring mail
rNeg   . . .     Faith    .     (no shield)
rPois  +         Spirit   .     (no helmet)
rElec  +         Reflect  .     (no cloak)
rCorr  +         Harm     .     (no gloves)
MR     .....                    (no boots)
Stlth  +.........               (no amulet)
                                o - +2 ring of intelligence
                                d - -3 ring of dexterity (curse)

@: lethally poisoned (0 -> -7), resistant
A: no striking features
a: no special abilities


You were on level 4 of the Dungeon.
You were not hungry.

You visited 1 branch of the dungeon, and saw 4 of its levels.

You collected 37 gold pieces.

Inventory:

Hand Weapons
 a - a +1 hand axe
 e - a +0 hand axe
 i - a +2 dagger of venom (weapon)
Missiles
 k - 8 poisoned needles
Armour
 b - a +0 robe
 g - a +1 ring mail (worn)
Jewellery
 d - a cursed -3 ring of dexterity (left hand)
 o - a +2 ring of intelligence (right hand)
Wands
 r - a wand of random effects (16/48)
Scrolls
 h - 2 scrolls of identify
 m - a scroll of remove curse {unknown}
 n - a scroll of fog {unknown}
 p - a scroll of enchant weapon
 q - a scroll of teleportation {unknown}
 s - a scroll of immolation {unknown}
 t - a scroll of amnesia {unknown}
Potions
 l - 2 potions of resistance
Comestibles
 c - 2 bread rations
 f - 4 fruits
 j - 2 chunks of flesh


   Skills:
 - Level 3.6 Fighting
 + Level 6.3 Axes
 - Level 2.4 Dodging
 - Level 1.5 Stealth


You had 3 spell levels left.
You didn't know any spells.

Dungeon Overview and Level Annotations

Branches:
Dungeon (4/15)
 Temple: D:4-7

Altars:


Message History

You feel sick. The adder bites you but does no damage.
You feel protected.
* * * LOW HITPOINT WARNING * * *
You feel sick. The adder misses you. The adder bites you but does no damage.
* * * LOW HITPOINT WARNING * * *
You feel sick.
* * * LOW HITPOINT WARNING * * *
You feel sick.
* * * LOW HITPOINT WARNING * * *
You feel sick.
Wield which item (- for none, * to show all)? (? for menu, Esc to quit)
Your +2 dagger of venom begins to drip with poison!
i - a +2 dagger of venom (weapon)
The adder bites you.
* * * LOW HITPOINT WARNING * * *
You miss the adder.
The adder is severely wounded.
* * * LOW HITPOINT WARNING * * *
You feel sick. The adder bites you.
You die...

...............#
...............#
..............#
..............#
..............##
.........###...##
.........#
##.w.##
.........#
##S..#..#
......#.<#
#@.....#
......#...#
#.....## .....
##...# #.....#
#...
#....#.......#
....
............%.. .
..........#....
.........######
.>.####...#


You could see a worm and an adder.

Vanquished Creatures
  A bullfrog skeleton (D:3)
  An adder skeleton (D:4)
  3 leopard geckos
  A ball python (D:2)
  2 bats
  3 goblins (D:3)
  3 hobgoblins
  6 kobolds
  2 quokkas
  3 frilled lizards
  A rat (D:2)
26 creatures vanquished.

Notes
Turn   | Place    | Note
-------+----------+-------------------------------------------
     0 | D:1      | brucemayne the Hill Orc Monk began the quest for the Orb.
     0 | D:1      | Reached XP level 1. HP: 19/19 MP: 1/1
   132 | D:1      | Reached XP level 2. HP: 25/26 MP: 2/2
   234 | D:2      | Reached skill level 5 in Axes
   403 | D:3      | Reached XP level 3. HP: 31/31 MP: 3/3
   478 | D:3      | Reached skill level 6 in Axes
   587 | D:4      | Reached XP level 4. HP: 23/39 MP: 4/4
   611 | D:4      | Slain by an adder

Vault maps used:
D:1:      mainiacjoe_arrival_reflecting_pool, minmay_pentomino_q4
D:4:      nicolae_overflow_crystal_walls, chequers_temple_overflow_minitemple

Skill      XL: |  1  2  3 |
---------------+----------+-----
Axes           | 5 6 |  6.3
Fighting       | |  3.6
Dodging        | |  2.4
Stealth        | |  1.5

Action                   |  1- 3 |  4- 6 || total
-------------------------+-------+-------++-------
Melee: Hand axe          |    93 |     8 ||   101
       Dagger            |       |     1 ||     1
  Use: Scroll            |     3 |       ||     3
       Potion            |       |     1 ||     1
Armor: Ring mail         |    45 |     6 ||    51
Dodge: Dodged            |    57 |     4 ||    61
